Match 38710852
Unlisted

Match 38710852
End
Scout Squad
Construct Barracks
Riflemen Squad
Riflemen Squad
Riflemen Squad
Construct Medical Station
Mechanized Support Center
Construct Weapon Support Center
M3 Armored Personnel Carrier
Engineer Squad
Construct Tank Depot
Selects Armored Battlegroup
Selects Veteran Crews
Selects Field Repairs
Selects War Machine
M4A1 Sherman Medium Tank
M4A1 Sherman Medium Tank
Selects Strength in Steel
M4A1 Sherman Medium Tank
M4A1 Sherman Medium Tank
M4A1 76mm Conversion
Selects Seek and Destroy
Seek and Destroy
Improvised Armor
Designate Forward Repair Station
Rapid Repairs
FeriG
PAX AJAX
fullykabooly
ninjayas
0
0

Comments sign in to comment!

No comments posted yet!